Map: Echo LE (Void)

Players

Ryung - Winner!

  • Race: Terran Terran
  • League: Master
  • Spawn Location: 5:00

llllllllllll (Billowy)

  • Race: Protoss Protoss
  • League: Grandmaster
  • Spawn Location: 11:00

VOD

Have the link to the VOD?

Description

Time

  • Played on: Dec. 2, 2016, 5:39 a.m.
  • Length: 8:21
Show
View Real Time Build Order
Export as new Build Order

Ryung Terran - Winner!

Build Orders: Reaper Expand, MMM Bio 

Get SALT Encoding   

  12  0:00  SCV  
  13  0:13  SCV  
  14  0:17  Supply Depot  
  14  0:25  SCV  
  14  0:27  Refinery  
  15  0:39  SCV  
  16  0:44  Barracks  
  16  0:51  SCV  
  17  1:03  SCV  
  18  1:15  SCV  
  19  1:30  Orbital Command  
  19  1:31  Reaper  
  20  1:44  Command Center  
  20  1:55  Factory  
  20  1:58  SCV  
  21  2:05  Barracks Reactor  
  21  2:08  Refinery  
  21  2:10  SCV  
  22  2:16  Supply Depot  
  22  2:23  SCV  
  23  2:38  SCV  
  23  2:39  Starport  
  23  2:42  Marine x2  
  26  2:44  Widow Mine  
  26  2:50  SCV  
  29  2:56  Orbital Command  
  29  3:02  SCV, Marine x2  
  32  3:13  Widow Mine  
  32  3:14  SCV  
  32  3:16  Medivac  
  37  3:21  Supply Depot  
  37  3:22  SCV  
  37  3:26  SCV  
  39  3:27  Marine  
  39  3:30  Marine  
  41  3:35  SCV  
  41  3:38  SCV  
  41  3:40  Barracks  
  43  3:44  Factory Tech Lab  
  43  3:45  Marine  
  43  3:47  SCV  
  45  3:50  SCV, Marine  
  47  3:58  Supply Depot  
  47  4:00  SCV  
  49  4:02  SCV  
  49  4:03  Siege Tank  
  49  4:09  Engineering Bay  
  52  4:11  Marine x2  
  54  4:18  SCV  
  54  4:23  Supply Depot  
  54  4:27  SCV  
  54  4:29  Barracks Tech Lab  
  54  4:30  SCV  
  56  4:32  Barracks  
  56  4:33  Refinery  
  56  4:35  Marine x2  
  58  4:39  Siege Tank, SCV  
  58  4:45  SCV, Terran Infantry Weapons Level 1  
  63  4:48  Supply Depot  
  63  4:49  Stimpack  
  63  4:52  SCV  
  64  4:54  Refinery  
  64  4:56  Starport Reactor  
  64  4:57  SCV  
  65  5:04  Marine  
  65  5:05  Marine x2  
  68  5:08  SCV  
  68  5:09  SCV  
  68  5:15  Supply Depot  
  68  5:20  SCV, Factory Reactor  
  69  5:21  SCV  
  70  5:30  Combat Shields, Marine x4  
  70  5:32  Medivac x2  
  70  5:35  Supply Depot  
  78  5:37  SCV x2  
  78  5:39  Supply Depot  
  80  5:48  Marine  
  80  5:49  Marine, Marauder  
  86  5:50  Marauder  
  86  5:52  Liberator x2  
  86  5:55  Supply Depot  
  86  5:56  Widow Mine x2  
  90  6:02  Supply Depot  
  96  6:13  Missile Turret  
  96  6:15  Marine x2  
  98  6:22  Marauder x2  
  102  6:25  Widow Mine x2  
  102  6:30  Supply Depot  
  102  6:31  Supply Depot  
  106  6:37  Liberator  
  106  6:39  Marine x2  
  108  6:43  Marauder x2  
  108  6:45  Liberator  
  112  6:47  Supply Depot  
  112  6:49  Concussive Shells  
  115  7:03  Marine  
  115  7:04  Marine  
  118  7:14  Marauder x2  
  120  7:17  Widow Mine x2  
  124  7:23  Supply Depot  
  124  7:24  Supply Depot  
  127  7:49  Marine x2  
  128  7:58  Command Center  
Show
View Real Time Build Order
Export as new Build Order

llllllllllll Protoss 

Build Orders: 1 Gate Expand 

Get SALT Encoding   

  12  0:00  Probe (Chrono Boost)  
  13  0:11  Probe (Chrono Boost)  
  14  0:17  Pylon  
  14  0:22  Probe (Chrono Boost)  
  15  0:35  Probe (Chrono Boost)  
  16  0:37  Gateway  
  16  0:45  Probe (Chrono Boost)  
  16  0:47  Assimilator  
  17  0:56  Probe (Chrono Boost)  
  18  1:06  Probe (Chrono Boost)  
  19  1:20  Nexus  
  19  1:32  Cybernetics Core  
  19  1:35  Probe (Chrono Boost)  
  20  1:42  Assimilator  
  20  1:45  Probe (Chrono Boost)  
  21  1:51  Pylon  
  21  1:56  Probe (Chrono Boost)  
  22  2:10  Mothership Core (Chrono Boost), Stalker  
  26  2:15  Warp Gate  
  26  2:28  Probe (Chrono Boost)  
  27  2:33  Probe (Chrono Boost)  
  28  2:39  Probe (Chrono Boost)  
  28  2:40  Stalker  
  28  2:43  Probe (Chrono Boost)  
  32  2:49  Probe (Chrono Boost)  
  33  2:54  Robotics Facility, Probe (Chrono Boost)  
  34  3:00  Probe (Chrono Boost)  
  34  3:04  Probe (Chrono Boost)  
  36  3:06  Pylon  
  36  3:10  Probe (Chrono Boost)  
  37  3:13  Stalker (Chrono Boost)  
  37  3:14  Probe  
  40  3:22  Probe  
  40  3:24  Probe  
  40  3:25  Pylon  
  42  3:33  Twilight Council  
  42  3:34  Probe  
  43  3:35  Probe  
  45  3:41  Observer (Chrono Boost)  
  45  3:45  Stalker  
  45  3:46  Probe x2  
  49  3:50  Assimilator  
  49  3:56  Probe  
  49  3:58  Probe  
  49  4:02  Gateway  
  52  4:03  Observer (Chrono Boost)  
  52  4:04  Gateway  
  52  4:07  Probe  
  53  4:10  Probe  
  53  4:11  Pylon  
  53  4:16  Blink (Chrono Boost)  
  54  4:18  Probe  
  54  4:26  Probe  
  54  4:29  Probe  
  55  4:31  Assimilator  
  55  4:32  Observer (Chrono Boost)  
  55  4:38  Probe  
  57  4:41  Probe  
  57  4:43  Stalker, Pylon  
  60  4:50  Probe  
  60  4:52  Warp Prism  
  61  4:53  Probe  
  64  5:10  Stalker  
  64  5:11  Stalker x2  
  70  5:18  Pylon  
  70  5:26  Observer  
  69  5:32  Nexus  
  69  5:33  Pylon  
  70  5:36  Adept x3  
  76  5:44  Gateway  
  76  5:48  Gateway  
  76  5:49  Gateway  
  76  5:56  Sentry x3  
  82  5:59  Probe  
  82  6:00  Probe  
  84  6:06  Resonating Glaives (Chrono Boost)  
  84  6:15  Gateway  
  84  6:17  Gateway  
  84  6:18  Probe x2  
  86  6:21  Immortal  
  86  6:30  Probe x2  
  92  6:39  Adept  
  94  6:43  Pylon  
  94  6:44  Adept x2  
  94  6:46  Adept x3  
  104  6:49  Probe  
  104  6:51  Probe x2  
  107  7:00  Forge  
  106  7:09  Adept x2  
  106  7:10  Adept x3  
  106  7:22  Adept  
  106  7:27  Pylon  
  106  7:28  Pylon  
  106  7:29  Pylon  
  106  7:32  Adept x4  
  114  7:37  Stalker  
  114  7:40  Immortal  
  116  7:45  Stalker  
  116  7:47  Stalker  
  124  7:57  Stalker  
  124  7:58  Stalker x2  
Tags
 
Add a new tag
Caveats
  • Supply blocks, unpowered buildings, or Contaminate may cause inaccurate times.
  • Supply counts are checked every 10 seconds.